ESL (28 & UNDER)
KINGSTON IGUANAS @ READING RAINBOWS
09/23/2025
 
TOP OF THE 1ST
Kingston Iguanas batting - Pitching for Reading Rainbows : LHP Tomás López
Pitching: LHP Tomás López
Batting: RHB Salvador Vega 0-0: Ball
1-0: Ball
2-0: Ground out 6-3 (Groundball, 6M)
Batting: LHB Juan Romero 0-0: Fly out, F7 (Flyball, 78S)
Batting: RHB Luis Aguilar 0-0: Called Strike
0-1: Foul Ball, location: 2F
0-2: Ball
1-2: DOUBLE (Groundball, 5L)
Batting: SHB Pepe Piña 0-0: Ball
1-0: Foul Ball, location: 2F
1-1: Swinging Strike
1-2: Ball
2-2: SINGLE (Line Drive, 89S)
Luis Aguilar to third
Batting: LHB Bob Greene 0-0: Ball
1-0: Called Strike
1-1: Ball
2-1: Ball
3-1: Foul Ball, location: 2F
3-2: Strikes out looking
Top of the 1st over - 0 run(s), 2 hit(s), 0 error(s), 2 left on base; Kingston 0 - Reading 0
BOTTOM OF THE 1ST
Reading Rainbows batting - Pitching for Kingston Iguanas : RHP Leonardo Lorenzo
Pitching: RHP Leonardo Lorenzo
Batting: LHB Miguel Colón 0-0: Called Strike
0-1: Called Strike
0-2: Strikes out looking
Batting: LHB Alfonso Ruíz 0-0: Ball
1-0: Called Strike
1-1: Ball
2-1: Fly out, F4 (Line Drive, 4)
Batting: RHB Dan Banks 0-0: Swinging Strike
0-1: Ball
1-1: Swinging Strike
1-2: Foul Ball, location: 2F
1-2: Strikes out swinging
Bottom of the 1st over - 0 run(s), 0 hit(s), 0 error(s), 0 left on base; Kingston 0 - Reading 0
TOP OF THE 2ND
Kingston Iguanas batting - Pitching for Reading Rainbows : LHP Tomás López
Batting: RHB Diego Francisco 0-0: Swinging Strike
0-1: Ball
1-1: Ball
2-1: Fly out, F3 (Popup, 3DF)
Batting: RHB Ken MacDonald 0-0: Called Strike
0-1: Ball
1-1: Ball
2-1: Swinging Strike
2-2: Ball
3-2: Strikes out looking
Batting: RHB Mike Johnson 0-0: Fly out, F8 (Flyball, 8LM)
Top of the 2nd over - 0 run(s), 0 hit(s), 0 error(s), 0 left on base; Kingston 0 - Reading 0
BOTTOM OF THE 2ND
Reading Rainbows batting - Pitching for Kingston Iguanas : RHP Leonardo Lorenzo
Batting: RHB Germano Labrego 0-0: Called Strike
0-1: Ball
1-1: SOLO HOME RUN (Flyball, 78XD), Distance : 387 ft
Batting: LHB Eduardo Rodríguez 0-0: Fly out, F8 (Flyball, 8LD)
Batting: RHB Albert Lutz 0-0: Ground out 5-3 (Groundball, 15S)
Batting: RHB Von Ford 0-0: Ball
1-0: Ball
2-0: Foul Ball, location: 2F
2-1: Ball
3-1: Base on Balls
Batting: LHB Wally Coker 0-0: Called Strike
0-1: Fly out, F7 (Flyball, 78D)
Bottom of the 2nd over - 1 run(s), 1 hit(s), 0 error(s), 1 left on base; Kingston 0 - Reading 1
TOP OF THE 3RD
Kingston Iguanas batting - Pitching for Reading Rainbows : LHP Tomás López
Batting: LHB Steve Davis 0-0: Fly out, F8 (Flyball, 89D)
Batting: RHB Salvador Vega 0-0: Called Strike
0-1: Called Strike
0-2: Ball
1-2: Ball
2-2: Strikes out swinging passed ball, reaches first!
Batting: LHB Juan Romero 0-0: Grounds into double play, 4-6-3 (Groundball, 4)
Top of the 3rd over - 0 run(s), 0 hit(s), 0 error(s), 0 left on base; Kingston 0 - Reading 1
BOTTOM OF THE 3RD
Reading Rainbows batting - Pitching for Kingston Iguanas : RHP Leonardo Lorenzo
Batting: RHB Donald Sanford 0-0: Called Strike
0-1: Foul Ball, location: 2F
0-2: Foul Ball, location: 2F
0-2: Ball
1-2: Fly out, F6 (Popup, 6M)
Batting: LHB Miguel Colón 0-0: Called Strike
0-1: Ball
1-1: Ball
2-1: Swinging Strike
2-2: Ball
3-2: TRIPLE (Line Drive, 8LXD)
Batting: LHB Alfonso Ruíz 0-0: Ball
1-0: Called Strike
1-1: Ball
2-1: Swinging Strike
2-2: Foul Ball, location: 2F
2-2: Ball
3-2: Foul Ball, location: 2F
3-2: Strikes out swinging
Batting: RHB Dan Banks 0-0: Foul Ball, location: 2F
0-1: Ground out 6-3 (Groundball, 6M)
Bottom of the 3rd over - 0 run(s), 1 hit(s), 0 error(s), 1 left on base; Kingston 0 - Reading 1
TOP OF THE 4TH
Kingston Iguanas batting - Pitching for Reading Rainbows : LHP Tomás López
Batting: RHB Luis Aguilar 0-0: Ball
1-0: Fly out, F7 (Line Drive, 7M)
Batting: SHB Pepe Piña 0-0: Swinging Strike
0-1: Foul Ball, location: 2F
0-2: Strikes out swinging passed ball, reaches first!
Batting: LHB Bob Greene 0-0: Ball
1-0: Foul Ball, location: 2F
1-1: Ball
2-1: Foul Ball, location: 2F
2-2: Grounds into double play, 4-6-3 (Groundball, 34)
Top of the 4th over - 0 run(s), 0 hit(s), 0 error(s), 0 left on base; Kingston 0 - Reading 1
BOTTOM OF THE 4TH
Reading Rainbows batting - Pitching for Kingston Iguanas : RHP Leonardo Lorenzo
Batting: RHB Germano Labrego 0-0: Called Strike
0-1: Called Strike
0-2: Ball
1-2: Strikes out swinging
Batting: LHB Eduardo Rodríguez 0-0: Ball
1-0: Foul Ball, location: 2F
1-1: Ball
2-1: Fly out, F6 (Popup, 6)
Batting: RHB Albert Lutz 0-0: Ball
1-0: SINGLE (Groundball, 6M)
Batting: RHB Von Ford 0-0: Ball
1-0: Ball
2-0: Called Strike
2-1: SINGLE (Groundball, 34D)
Albert Lutz to second
Runner from 2nd tries for 3rd, SAFE, no throw or cutoff
Batting: LHB Wally Coker 0-0: Ball
1-0: Called Strike
1-1: Ball
2-1: Ball
3-1: Swinging Strike
3-2: Base on Balls
Von Ford to second
Batting: RHB Donald Sanford 0-0: Called Strike
0-1: Foul Ball, location: 2F
0-2: Ball
1-2: Ball
2-2: Fly out, F2 (Popup, 2RF)
Bottom of the 4th over - 0 run(s), 2 hit(s), 0 error(s), 3 left on base; Kingston 0 - Reading 1
TOP OF THE 5TH
Kingston Iguanas batting - Pitching for Reading Rainbows : LHP Tomás López
Batting: RHB Diego Francisco 0-0: Fly out, F9 (Flyball, 9D)
Batting: RHB Ken MacDonald 0-0: Swinging Strike
0-1: Ball
1-1: Ball
2-1: Ball
3-1: Base on Balls
Batting: RHB Mike Johnson 0-0: Swinging Strike
0-1: Fielders Choice at 2nd, 5-4 (Groundball, 5)
Batting: LHB Steve Davis 0-0: Hit by Pitch
Mike Johnson to second
Batting: RHB Salvador Vega 0-0: SINGLE (Line Drive, 34D)
Mike Johnson to third
Steve Davis to second
Runner from 3rd tries for Home, SAFE, no throw or cutoff
Batting: LHB Juan Romero 0-0: Foul Ball, location: 2F
0-1: Ball
1-1: Fly out, F8 (Flyball, 8RD)
Top of the 5th over - 1 run(s), 1 hit(s), 0 error(s), 2 left on base; Kingston 1 - Reading 1
BOTTOM OF THE 5TH
Reading Rainbows batting - Pitching for Kingston Iguanas : RHP Leonardo Lorenzo
Batting: LHB Miguel Colón 0-0: Ball
1-0: Ball
2-0: Called Strike
2-1: Ball
3-1: Called Strike
3-2: Strikes out swinging
Batting: LHB Alfonso Ruíz 0-0: Called Strike
0-1: Swinging Strike
0-2: Ball
1-2: Foul Ball, location: 2F
1-2: Ball
2-2: Ground out 5-3 (Groundball, 5L)
Now at 3B: Bobby Armstrong
Batting: RHB Dan Banks 0-0: Ball
1-0: Foul Ball, location: 2F
1-1: Ball
2-1: Ball
3-1: SINGLE (Groundball, 56)
Batting: RHB Germano Labrego 0-0: Ball
1-0: Ball
2-0: Called Strike
2-1: Ball
Single, Error in OF, E7, batter to second base
Dan Banks to third
Pitching: LHP Joe Hazelwood
Batting: LHB Eduardo Rodríguez 0-0: Ball
1-0: Called Strike
1-1: Ball
2-1: Called Strike
2-2: Ground out 3-1 (Groundball, 34)
Bottom of the 5th over - 0 run(s), 2 hit(s), 1 error(s), 2 left on base; Kingston 1 - Reading 1
TOP OF THE 6TH
Kingston Iguanas batting - Pitching for Reading Rainbows : LHP Tomás López
Batting: RHB Luis Aguilar 0-0: Ball
1-0: Called Strike
1-1: Foul Ball, location: 2F
1-2: Foul Ball, location: 2F
1-2: Foul Ball, location: 2F
1-2: SOLO HOME RUN (Flyball, 7D), Distance : 357 ft
Batting: SHB Pepe Piña 0-0: Ball
1-0: Called Strike
1-1: DOUBLE (Line Drive, 9LM) - OUT at third base trying to stretch hit.
Pitching: LHP Beau Montgomery
Batting: LHB Bob Greene 0-0: Ball
1-0: Ball
2-0: Called Strike
2-1: Ball
3-1: Foul Ball, location: 2F
3-2: Base on Balls
Batting: RHB Diego Francisco 0-0: Called Strike
0-1: SINGLE (Line Drive, 7S)
Bob Greene to second
Batting: RHB Bobby Armstrong 0-0: Ball
1-0: Swinging Strike
1-1: Swinging Strike
1-2: Ball
2-2: Grounds into double play, 6-4-3 (Groundball, 6)
Top of the 6th over - 1 run(s), 3 hit(s), 0 error(s), 1 left on base; Kingston 2 - Reading 1
BOTTOM OF THE 6TH
Reading Rainbows batting - Pitching for Kingston Iguanas : LHP Joe Hazelwood
Batting: RHB Albert Lutz 0-0: Ball
1-0: Called Strike
1-1: Foul Ball, location: 2F
1-2: Foul Ball, location: 2F
1-2: Ball
2-2: Ball
3-2: Foul Ball, location: 2F
3-2: Base on Balls
Batting: RHB Von Ford 0-0: Called Strike
Albert Lutz steals 2nd base
0-1: Ball
1-1: Swinging Strike
1-2: Ball
2-2: Strikes out swinging
Batting: LHB Wally Coker 0-0: Foul Ball, location: 2F
0-1: Foul Ball, location: 2F
0-2: Strikes out swinging
Batting: RHB Donald Sanford 0-0: Ball
1-0: Called Strike
1-1: Ball
2-1: Foul Ball, location: 2F
2-2: Strikes out swinging
Bottom of the 6th over - 0 run(s), 0 hit(s), 0 error(s), 1 left on base; Kingston 2 - Reading 1
TOP OF THE 7TH
Kingston Iguanas batting - Pitching for Reading Rainbows : LHP Beau Montgomery
Batting: RHB Mike Johnson 0-0: Ball
1-0: Foul Ball, location: 2F
1-1: Ball
2-1: Ground out U3 (Groundball, 3)
Batting: LHB Steve Davis 0-0: Ball
1-0: Ball
2-0: Ball
3-0: Called Strike
3-1: Foul Ball, location: 2F
3-2: Strikes out swinging
Batting: RHB Salvador Vega 0-0: Called Strike
0-1: Foul Ball, location: 2F
0-2: Strikes out looking
Top of the 7th over - 0 run(s), 0 hit(s), 0 error(s), 0 left on base; Kingston 2 - Reading 1
BOTTOM OF THE 7TH
Reading Rainbows batting - Pitching for Kingston Iguanas : LHP Joe Hazelwood
Batting: LHB Miguel Colón 0-0: Called Strike
0-1: Ball
1-1: Ball
2-1: Ground out 5-3 (Groundball, 5S)
Batting: LHB Alfonso Ruíz 0-0: Ball
1-0: Ground out 5-3 (Groundball, 56)
Batting: RHB Dan Banks 0-0: Fly out, F9 (Popup, 34D)
Bottom of the 7th over - 0 run(s), 0 hit(s), 0 error(s), 0 left on base; Kingston 2 - Reading 1
TOP OF THE 8TH
Kingston Iguanas batting - Pitching for Reading Rainbows : LHP Beau Montgomery
Batting: LHB Juan Romero 0-0: Called Strike
0-1: Swinging Strike
0-2: Strikes out swinging
Pitching: RHP Alden Parker
Batting: RHB Luis Aguilar 0-0: Ground out 6-3 (Groundball, 6)
Batting: SHB Pepe Piña 0-0: SINGLE (Line Drive, 78S)
Batting: LHB Bob Greene 0-0: Ball
1-0: Ball
2-0: Ground out 5-3 (Groundball, 5S)
Top of the 8th over - 0 run(s), 1 hit(s), 0 error(s), 1 left on base; Kingston 2 - Reading 1
BOTTOM OF THE 8TH
Reading Rainbows batting - Pitching for Kingston Iguanas : LHP Joe Hazelwood
Pitching: RHP Jesús Gonzáles
Batting: RHB Germano Labrego 0-0: Ball
1-0: Called Strike
1-1: Foul Ball, location: 2F
1-2: Ground out 5-3 (Groundball, 5S)
Batting: LHB Eduardo Rodríguez 0-0: Fly out, F8 (Line Drive, 8LM)
Batting: RHB Albert Lutz 0-0: Ball
1-0: Called Strike
1-1: Ball
2-1: Ball
3-1: Swinging Strike
3-2: Foul Ball, location: 2F
3-2: Foul Ball, location: 2F
3-2: Base on Balls
Pinch Hitting: RHB Wyatt McKinnon 0-0: Ball
1-0: Ground out 5-3 (Groundball, 5S)
Bottom of the 8th over - 0 run(s), 0 hit(s), 0 error(s), 1 left on base; Kingston 2 - Reading 1
TOP OF THE 9TH
Kingston Iguanas batting - Pitching for Reading Rainbows : RHP Alden Parker
Now at 2B: Kyle Hollingsworth
Batting: RHB Diego Francisco 0-0: Ball
1-0: SINGLE (Line Drive, 6MD)
Pinch Hitting: LHB Poto Vasilini 0-0: Foul Ball, location: 2F
0-1: Ball
1-1: Called Strike
1-2: Foul Ball, location: 2F
1-2: Foul Ball, location: 2F
1-2: Foul Ball, location: 2F
1-2: Ball
2-2: Ball
3-2: Base on Balls
Diego Francisco to second
Pinch Runner at 2nd Bill Crawley:
Pinch Hitting: RHB William Duncan 0-0: Grounds into double play, U6-3 (Groundball, 6M)
Bill Crawley to third
Pinch Hitting: LHB Dave Gordon 0-0: Ball
1-0: Ball
2-0: Ball
3-0: Called Strike
3-1: Base on Balls
Pinch Hitting: LHB Mike Godfrey 0-0: Foul Ball, location: 2F
0-1: Foul Ball, location: 2F
0-2: Fly out, F5 (Popup, 5L)
Top of the 9th over - 0 run(s), 1 hit(s), 0 error(s), 2 left on base; Kingston 2 - Reading 1
BOTTOM OF THE 9TH
Reading Rainbows batting - Pitching for Kingston Iguanas : RHP Jesús Gonzáles
Pitching: RHP José Peña
Now at C: Dave Gordon
Now at 2B: Will Holt
Now at SS: Bill Crawley
Now in CF: William Duncan
Now in RF: Poto Vasilini
Pinch Hitting: LHB Shane Lynch 0-0: Called Strike
0-1: Foul Ball, location: 2F
0-2: DOUBLE (Line Drive, 89S)
Pinch Hitting: LHB Richard Henry 0-0: Called Strike
0-1: Swinging Strike
0-2: Ball
1-2: SINGLE (Line Drive, 8RS)
Shane Lynch to third
Batting: LHB Miguel Colón 0-0: Ball
1-0: Foul Ball, location: 2F
1-1: Ground out 3-1 (Groundball, 34)
Richard Henry to second
Batting: LHB Alfonso Ruíz 0-0: Called Strike
0-1: Called Strike
0-2: Ball
1-2: Strikes out looking
Batting: RHB Dan Banks 0-0: Ball
1-0: Foul Ball, location: 2F
1-1: Ball
2-1: Ball
3-1: Called Strike
3-2: Base on Balls
Batting: RHB Germano Labrego 0-0: Called Strike
0-1: Ball
1-1: Called Strike
1-2: Ball
2-2: Strikes out swinging
Bottom of the 9th over - 0 run(s), 2 hit(s), 0 error(s), 3 left on base; Kingston 2 - Reading 1
This league is powered by Out of the Park Baseball, the baseball management simulation game for PC, Mac and Linux
Tuesday, August 2nd, 2016 - OOTP Baseball 16.8 Build 38